 Dungeon Crawl Stone Soup version 0.29.1-15-g9cfb28693d (webtiles) character file.

Game seed: 14691544495765652019

4 hawla the Firebug (level 1, -3/14 HPs)
             Began as a Meteoran Fire Elementalist on Feb 27, 2023.
             Slain by a gnoll
             ... wielding a +0 spear
              (9 damage)
             ... on level 2 of the Dungeon.
             The game lasted 00:00:50 (215 turns).

hawla the Firebug (Meteoran Fire Elementalist)       Turns: 215, Time: 00:00:51

Health: -3/14      AC:  2    Str:  9    XL:     1   Next: 85%
Magic:  1/5        EV: 12    Int: 16    God:
Gold:   14         SH:  5    Dex: 14    Spells: 4/5 levels left

rFire   . . .      SeeInvis .   (no weapon)
rCold   . . .      Faith    .   (no shield)
rNeg    . . .      Spirit   .   a - +0 robe
rPois   .          Reflect  +   (no helmet)
rElec   .          Harm     .   (no cloak)
rCorr   .          Rampage  .   (no gloves)
Will    .....                   (no boots)
Stlth   +.........              e - amulet of reflection
HPRegen 0.04/turn               (no ring)
MPRegen 0.09/turn               (no ring)

@: glowing
A: sense surroundings 1, otherworldly, glowing, explore regen
a: no special abilities


You were on level 2 of the Dungeon.
You visited 1 branch of the dungeon, and saw 2 of its levels.

You collected 14 gold pieces.

Inventory:

Armour
 a - a +0 robe (worn)
Jewellery
 e - an amulet of reflection (around neck)
Scrolls
 f - a scroll of identify {unknown}
Potions
 b - a potion of magic
 c - a potion of cancellation {unknown}


   Skills:
 + Level 2.4 Dodging
 - Level 1.4 Stealth
 + Level 2.8 Spellcasting
 + Level 1.2 Conjurations
 + Level 3.9 Fire Magic


You had 4 spell levels left.
You knew the following spells:

 Your Spells              Type           Power      Damage    Failure   Level
a - Foxfire               Conj/Fire      40%        2x1d6     7%          1

Your spell library contained the following spells:

 Spells                   Type           Power      Damage    Failure   Level
 Scorch                   Fire           28%        2d6       6%          2
 Conjure Flame            Conj/Fire      10%        6-21      21%         3
 Inner Flame              Hex/Fire       8%         N/A       26%         3
 Flame Wave               Conj/Fire      10%        2d6       54%         4


Dungeon Overview and Level Annotations

Branches:
Dungeon (2/15) Zot: 984

Altars:


Innate Abilities, Weirdness & Mutations

You passively map a small area around you.
You are easily found by Zot.
You glow in the dark.
You regain HP and MP as you explore.


Message History

There is a stone staircase leading up here.
f - a scroll labelled OTYBLY ZAACVEQ
As you read the scroll labelled DALISA ZI GENG, it crumbles to dust.
You feel strangely unstable.
It was a scroll of teleportation.
You open the door.
Your surroundings suddenly seem different.
A gnoll, a frilled lizard and an endoplasm come into view.
Found four items.
The gnoll shouts!
The endoplasm quivers.
Casting: Foxfire (safe; 7% risk of failure)
Confirm with . or Enter, or press ? or * to list all spells.
You conjure some foxfire!
The foxfire hits the endoplasm.
The endoplasm is almost dead.
Casting: Foxfire (safe; 7% risk of failure)
Confirm with . or Enter, or press ? or * to list all spells.
You conjure some foxfire!
The foxfire hits the gnoll.
The gnoll is lightly wounded.
The gnoll hits you from afar with a +0 spear.
Unknown command.
You hit the endoplasm.
You kill the endoplasm!
The foxfire hits the gnoll.
The gnoll is moderately wounded.
The foxfire hits the gnoll.
The gnoll is heavily wounded.
The gnoll hits you from afar with a +0 spear.
Casting: Foxfire (safe; 7% risk of failure)
Confirm with . or Enter, or press ? or * to list all spells.
You conjure some foxfire!
The frilled lizard barely misses you.
The gnoll hits you from afar with a +0 spear.
Casting: Foxfire (safe; 7% risk of failure)
Confirm with . or Enter, or press ? or * to list all spells.
You conjure some foxfire!
The foxfire hits the frilled lizard.
You kill the frilled lizard!
The foxfire hits the gnoll.
The gnoll is almost dead.
The gnoll hits you from afar with a +0 spear!
Ouch! That really hurt!
You die...

< * ,, * ,
, * , ,###
+ ##* ,#..
.., ,#.#
.#*
#.##..##.
+.vg?[...
,
,+@†.!:...
*
#§##..##.
,, #.# #
#.., ,
###* * , *
, * ,


You could see a gnoll.

Vanquished Creatures
  A ball python (D:1)
  An endoplasm (D:2)
  A goblin (D:1)
  A frilled lizard (D:2)
4 creatures vanquished.

Vanquished Creatures (others)
  9 foxfires
9 creatures vanquished.

Grand Total: 13 creatures vanquished

Notes
Turn   | Place    | Note
-------+----------+-------------------------------------------
     0 | D:1      | hawla the Meteoran Fire Elementalist began the quest for
                  | the Orb.
     0 | D:1      | Reached XP level 1. HP: 14/14 MP: 5/5
   215 | D:2      | Slain by a gnoll

Illustrated notes

Levels and vault maps discovered:
D:1:      dpeg_arrival_court, layout_loops_ring
D:2:      layout_basic, basic_altar, hellmonk_ecumenical_altar_crossroads,
          kennysheep_generic_room_5

Action                   || total
-------------------------++-------
Melee: Unarmed           ||     2
 Cast: Foxfire           ||     6
  Use: Scroll            ||     1
Armor: Robe              ||     1
Dodge: Dodged            ||     3
